 Dungeon Crawl Stone Soup version 0.29-a0-824-gd827844252 (webtiles) character file.

Game seed: 11021702550114087007

64 indigestion the Sneak (level 4, -7/27 HPs)
             Began as an Octopode Fire Elementalist on July 11, 2022.
             Mangled by Grinder (9 damage)
             ... while paralysed by Grinder
             ... on level 3 of the Dungeon.
             The game lasted 00:07:05 (3424 turns).

indigestion the Sneak (Octopode Fire Elementalist)  Turns: 3424, Time: 00:07:06

Health: -7/27      AC:  1    Str:  7    XL:     4   Next: 12%
Magic:  1/7        EV:  2    Int: 19    God:
Gold:   162        SH:  0    Dex: 12    Spells: 1/7 levels left

rFire   . . .      SeeInvis .   d - +0 short sword
rCold   . . .      Faith    .   (no shield)
rNeg    . . .      Spirit   .   (helmet restricted)
rPois   .          Reflect  .   (no amulet)
rElec   .          Harm     .   (no ring)
rCorr   .          Rampage  .   (no ring)
Will    .....                   (no ring)
Stlth   +++.......              (no ring)
HPRegen 0.09/turn               (no ring)
MPRegen 0.10/turn               (no ring)
                                (no ring)
                                (no ring)

@: paralysed
A: almost no armour, amphibious, 8 rings, camouflage 1, gelatinous body 1,
(nimble swimmer 1), tentacles
a: no special abilities


You were on level 3 of the Dungeon.
You visited 1 branch of the dungeon, and saw 3 of its levels.

You collected 162 gold pieces.

Inventory:

Hand Weapons
 d - a +0 short sword (weapon)
Jewellery
 f - an amulet of magic regeneration
 p - a ring of willpower
 v - an amulet of faith
Scrolls
 b - 3 scrolls of identify {unknown}
 e - a scroll of teleportation {unknown}
 h - a scroll of enchant weapon {unknown}
 i - a scroll of torment {unknown}
 j - 2 scrolls of immolation {unknown}
 q - 2 scrolls of fear {unknown}
 r - a scroll of fog {unknown}
 t - a scroll of enchant armour {unknown}
Potions
 a - 2 potions of magic
 c - 2 potions of heal wounds
 g - a potion of ambrosia {unknown}
 k - a potion of haste {unknown}
 l - 5 potions of might {unknown}
 m - a potion of curing {unknown}
 n - a potion of attraction {unknown}
 o - a potion of lignification {unknown}
 s - a potion of degeneration {unknown}
 u - a potion of resistance {unknown}
 w - a potion of flight {unknown}
 x - a potion of mutation {unknown}


   Skills:
 + Level 2.5 Dodging
 + Level 3.6 Stealth
 + Level 2.4 Spellcasting
 + Level 1.8 Conjurations
 + Level 3.4 Fire Magic


You had one spell level left.
You knew the following spells:

 Your Spells              Type           Power      Damage    Failure   Level
a - Foxfire               Conj/Fire      48%        2x1d6     5%          1
b - Scorch                Fire           30%        2d6       6%          2
c - Inner Flame           Hex/Fire       8%         N/A       24%         3

Your spell library contained the following spells:

 Spells                   Type           Power      Damage    Failure   Level
 Beastly Appendage        Tmut           4%         N/A       16%         1
 Conjure Flame            Conj/Fire      12%        6-21      16%         3
 Wereblood                Tmut           2%         N/A       24%         2
 Spider Form              Tmut/Pois      2%         N/A       43%         3
 Flame Wave               Conj/Fire      12%        2d6       47%         4


Dungeon Overview and Level Annotations

Branches:
Dungeon (3/15)

Altars:

Shops:
D:1 [

Annotations:
D:3 Grinder


Innate Abilities, Weirdness & Mutations

You cannot wear most types of armour.
You are amphibious.
You can wear up to eight rings at the same time.
Your skin changes colour to match your surroundings (Stealth+).
Your rubbery body absorbs attacks. (AC +1, EV +1)
((You are camouflaged when in or above water. (Stealth+)))
You have tentacles for arms and can constrict up to eight enemies at once.


Message History

Confirm with . or Enter, or press ? or * to list all spells.
You conjure some foxfire!
Grinder gestures at you. Pain shoots through your body!
The foxfire hits Grinder but does no damage.
Grinder is severely wounded.
The foxfire hits Grinder.
Grinder is severely wounded.
Grinder gestures at you.
You shrug off the repeated paralysis!
Casting: Foxfire (safe; 5% risk of failure)
Confirm with . or Enter, or press ? or * to list all spells.
You don't have enough magic to cast this spell.
Grinder gestures at you. You resist with significant effort. Grinder hits you.
You writhe in agony.
You closely miss Grinder. Your grab misses Grinder.
Grinder is severely wounded.
Grinder misses you.
You hit Grinder but do no damage. Your grab misses Grinder.
Grinder is severely wounded.
Grinder blinks!
Casting: Foxfire (safe; 5% risk of failure)
Confirm with . or Enter, or press ? or * to list all spells.
You conjure some foxfire!
The foxfire hits Grinder.
Grinder is almost dead.
The foxfire hits Grinder.
Grinder is almost dead.
There is a stone staircase leading up here.
Grinder gestures at you.
You suddenly lose the ability to move!
Grinder hits you!
* * * LOW HITPOINT WARNING * * *
You writhe in agony.
* * * LOW HITPOINT WARNING * * *
Grinder hits you.
* * * LOW HITPOINT WARNING * * *
Grinder hits you!
You die...

#........# #.. #...#
#.#..##### ### #...#
.###.#..#### ## ...........#
##+##.##### .....#..#..#
#.†......h.
######..#..#.#.#...#...
..#..#..#.#.#...#
#.#..#..#.#.<...#
##.#..#..#.#..@..#
#........#.....5.###
#........#.#.......#
##....#..#.#.....###
#†####..........### ...
#.#..........†....######...#
#.#.............###...#....
#.#.#######.#.............#
# ..#. ...#...###........ .


You could see Grinder.

Vanquished Creatures
  2 adders
  2 worms (D:2)
  3 ball pythons
  7 endoplasms
  3 giant cockroaches
  3 goblins
  2 hobgoblins
  A jackal (D:3)
  5 kobolds
  2 quokkas
  4 bats
  A frilled lizard (D:1)
  4 rats
39 creatures vanquished.

Vanquished Creatures (others)
  73 foxfires
73 creatures vanquished.

Grand Total: 112 creatures vanquished

Notes
Turn   | Place    | Note
-------+----------+-------------------------------------------
     0 | D:1      | indigestion the Octopode Fire Elementalist began the quest
                  | for the Orb.
     0 | D:1      | Reached XP level 1. HP: 11/11 MP: 3/3
   336 | D:1      | Found Dorubbobb's Antique Armour Shoppe.
   707 | D:1      | Reached XP level 2. HP: 17/17 MP: 0/5
  1420 | D:1      | Found a faded altar of an unknown god.
  1723 | D:2      | Reached XP level 3. HP: 11/21 MP: 4/6
  2327 | D:2      | Learned a level 2 spell: Scorch
  2331 | D:2      | Learned a level 3 spell: Inner Flame
  3130 | D:3      | Reached XP level 4. HP: 27/27 MP: 4/7
  3287 | D:3      | Noticed Grinder
  3326 | D:3      | Paralysed by Grinder for 2 turns
  3394 | D:3      | Paralysed by Grinder for 2 turns
  3407 | D:3      | Paralysed by Grinder for 4 turns
  3421 | D:3      | Paralysed by Grinder for 5 turns
  3424 | D:3      | Mangled by Grinder

Illustrated notes

Levels and vault maps discovered:
D:1:      lightli_arrival_chessboard, layout_loops_ring,
          shapermc_ecumenical_altar_mp_vishouse, serial_shops,
          nicolae_shop_temple_entry_statues_fountains, minmay_strange_pillars
D:2:      layout_loops_ring
D:3:      layout_basic, serial_co_window_serial, co_window_corner_a,
          co_window_paths_b, co_window_paths_a, co_window_paths_a,
          co_window_corner_a, co_window_of_opportunity_c, co_window_corner_b,
          co_window_paths_c, co_window_cross_3, co_window_unsneaky_path_b,
          glass_columns_b, glass_columns_b, glass_columns_a, glass_columns_a,
          glass_columns_a, kennysheep_orc_chapel, uniq_grinder

Skill      XL: |  1  2 |
---------------+-------+-----
Stealth        | 3 |  3.6
Dodging        | |  2.5
Spellcasting   | |  2.4
Conjurations   | |  1.8
Fire Magic     | |  3.4

Action                   |  1- 3 |  4- 6 || total
-------------------------+-------+-------++-------
Melee: Short sword       |    47 |     7 ||    54
       Unarmed           |     4 |       ||     4
       Constrict         |    14 |     4 ||    18
       Tentacles         |    10 |       ||    10
 Cast: Foxfire           |    28 |    16 ||    44
       Scorch            |       |     3 ||     3
  Use: Potion            |       |     1 ||     1
 Stab: Sleeping          |     8 |       ||     8
Armor: Skin              |     3 |       ||     3
Dodge: Dodged            |    22 |    17 ||    39

Table legend: (Time is in decaauts)
 A = Elapsed time spent in this place.
 B = Non-inter-level travel time spent in this place.
 C = Inter-level travel time spent in this place.
 D = Time resting spent in this place.
 E = Time spent auto-exploring this place.
 F = Levels seen in this place.
 G = Mean time per level.
                   A        B        C        D        E       F      G
               +--------+--------+--------+--------+--------+-----+--------+
         Total |   3429 |   3355 |     74 |   1149 |   1789 |   3 | 1143.0 |
       Dungeon |   3429 |   3355 |     74 |   1149 |   1789 |   3 | 1143.0 |
               +--------+--------+--------+--------+--------+-----+--------+

Top non-repeatable levels by time:
     D:1: 1692 daAuts
     D:2: 1446 daAuts
     D:3: 291 daAuts
